 Dungeon Crawl Stone Soup version 0.23.2-30-g0e89c35649 (webtiles) character file.

Game seed: 788316227041653626

11 doot the Caller (level 2, 0/15 HPs)
             Began as a Tengu Summoner on June 17, 2019.
             Killed from afar by a dart slug (5 damage)
             ... with a slug dart
             ... on level 1 of the Dungeon.
             The game lasted 00:01:23 (801 turns).

doot the Caller (Tengu Summoner)                     Turns: 801, Time: 00:01:24

Health: 0/15       AC:  2    Str:  8    XL:     2   Next: 25%
Magic:  1/6        EV: 12    Int: 15    God:
Gold:   21         SH:  0    Dex: 14    Spells: 2/5 levels left

rFire    . . .     SeeInvis .   d - +0 short sword
rCold    . . .     Gourm    .   (no shield)
rNeg     . . .     Faith    .   a - +0 robe
rPois    .         Spirit   .   (helmet restricted)
rElec    .         Reflect  .   (no cloak)
rCorr    .         Harm     .   (no gloves)
MR       .....                  (boots unavailable)
Stlth    ++........             (no amulet)
HPRegen  0.05/turn              (no ring)
MPRegen  0.10/turn              (no ring)

@: no status effects
A: beak, talons 3
a: no special abilities


You were on level 1 of the Dungeon.
You were not hungry.

You visited 1 branch of the dungeon, and saw 1 of its levels.

You collected 21 gold pieces.

Inventory:

Hand Weapons
 d - a +0 short sword (weapon)
Armour
 a - a +0 robe (worn)
Comestibles
 c - a ration


   Skills:
 + Level 2.2 Dodging
 + Level 2.0 Stealth
 + Level 2.2 Spellcasting
 + Level 5.2 Summonings


You had 2 spell levels left.
You knew the following spells:

 Your Spells              Type           Power        Failure   Level  Hunger
a - Summon Small Mammal   Summ           ###.         2%          1    #......
b - Call Imp              Summ           ###.....     3%          2    ###....

Your spell library contained the following spells:

 Spells                   Type           Power        Failure   Level  Hunger
 Call Canine Familiar     Summ           ###.....     8%          3    ###....
 Summon Guardian Golem    Hex/Summ       #.......     22%         3    ###....
 Summon Ice Beast         Ice/Summ       #.......     58%         4    #####..
 Summon Lightning Spire   Summ/Air       #.......     58%         4    #####..


Dungeon Overview and Level Annotations

Branches:
Dungeon (1/15)

Altars:


Innate Abilities, Weirdness & Mutations

You have a beak for a mouth.
You have claws for feet.


Message History

The bat hits your crimson imp but does no damage.
Your white imp closely misses the bat.
The bat closely misses your crimson imp.
You hit the bat but do no damage. The bat closely misses you.
The bat closely misses your crimson imp.
The bat barely misses your crimson imp.
Your crimson imp hits the bat.
The bat closely misses your crimson imp.
Your white imp hits the bat but does no damage.
Your crimson imp blinks!
Your crimson imp hits the bat.
The bat closely misses your crimson imp.
The bat closely misses your crimson imp.
The bat barely misses your crimson imp.
Your white imp hits the bat.
The bat dies!
You see here a bat corpse.
Your crimson imp blinks!
You hit the dart slug but do no damage. Your kick misses the dart slug.
The dart slug launches a dart at you. The slug dart hits you.
You die...

#####...###
......#...#
#####...#.#
##.##.# #.##.#
#.##.# #.##.#
########.##.###
..........5@w.#
######.#..#5#.#
#.#.†#.# #
#$#.§#.#
#.#..#.#
.....#.#
#......#
#.###5## #. .#


You could see a dart slug, 2 friendly crimson imps and a friendly white imp.

Vanquished Creatures
  A goblin (D:1)
  A hobgoblin (D:1)
  A jackal (D:1)
  A frilled lizard (D:1)
  A kobold (D:1)
5 creatures vanquished.

Vanquished Creatures (collateral kills)
  A giant cockroach (D:1)
  3 jackals (D:1)
  2 bats (D:1)
  A frilled lizard (D:1)
  A kobold (D:1)
8 creatures vanquished.

Grand Total: 13 creatures vanquished

Notes
Turn   | Place    | Note
-------+----------+-------------------------------------------
     0 | D:1      | doot the Tengu Summoner began the quest for the Orb.
     0 | D:1      | Reached XP level 1. HP: 10/10 MP: 4/4
     6 | D:1      | Noticed a wyvern
     6 | D:1      | Noticed a hound
     6 | D:1      | Noticed a polar bear
     7 | D:1      | Noticed a komodo dragon
     7 | D:1      | Noticed an anaconda
    52 | D:1      | Reached skill level 5 in Summonings
   559 | D:1      | Reached XP level 2. HP: 5/15 MP: 4/6
   585 | D:1      | Learned a level 2 spell: Call Imp
   801 | D:1      | Killed from afar by a dart slug

Skill      XL: |  1 |
---------------+----+-----
Summonings     | 5 |  5.2
Dodging        | |  2.2
Stealth        | |  2.0
Spellcasting   | |  2.2

Action                   || total
-------------------------++-------
Melee: Unarmed           ||    15
       Short sword       ||    19
       Peck              ||     4
       Kick              ||     4
 Cast: Summon Small Mamm ||     9
       Call Imp          ||     3
 Stab: Sleeping          ||     1
Armor: Robe              ||    11
Dodge: Dodged            ||    41
